 Dungeon Crawl Stone Soup version 0.29-a0-892-g2c4c91d9db (webtiles) character file.

Game seed: 4558749814699295953

802 sotis the Reanimator (level 7, -5/36 HPs)
             Began as a Deep Elf Necromancer on July 22, 2022.
             Was an Initiate of Yredelemnul.
             Slain by a black bear (11 damage)
             ... on level 6 of the Dungeon.
             The game lasted 00:13:38 (6263 turns).

sotis the Reanimator (Deep Elf Necromancer)         Turns: 6263, Time: 00:13:39

Health: -5/36      AC:  6    Str:  5    XL:     7   Next: 59%
Magic:  15/18      EV: 12    Int: 22    God:    Yredelemnul [......]
Gold:   370        SH:  0    Dex: 15    Spells: 8/18 levels left

rFire   . . .      SeeInvis .   v - +2 trident (vamp)
rCold   . . .      Faith    .   (no shield)
rNeg    . . .      Spirit   .   u - +2 robe {Archmagi}
rPois   .          Reflect  .   (no helmet)
rElec   .          Harm     .   (no cloak)
rCorr   .          Rampage  .   (no gloves)
Will    +....      Archmagi +   y - +1 pair of boots
Stlth   +++.......              d - amulet of Faij {RegenMP +Blink Will+ Stlth+}
HPRegen 0.12/turn               (no ring)
MPRegen 0.56/turn               (no ring)

@: no status effects
A: no striking features
a: Renounce Religion, Evoke Blink, Recall Undead Harvest


You were on level 6 of the Dungeon.
You worshipped Yredelemnul.
Yredelemnul was noncommittal.
You visited 2 branches of the dungeon, and saw 7 of its levels.

You collected 370 gold pieces.

Inventory:

Hand Weapons
 v - a +2 vampiric trident (weapon)
Armour
 a - a +0 robe
 f - a +2 leather armour of willpower
 u - a +2 robe of the Archmagi (worn)
 y - a +1 pair of boots (worn)
Jewellery
 d - the amulet of Faij (around neck) {RegenMP +Blink Will+ Stlth+}
   (You acquired it on level 3 of the Dungeon)

   [amulet of magic regeneration]

   It increases your rate of magic regeneration.
   +Blink:    It lets you blink.
   Will:      It increases your willpower.
   Stlth:     It makes you more stealthy.
 h - a ring of protection from cold
 w - a +6 ring of dexterity
Wands
 i - a wand of acid (8)
Scrolls
 g - 8 scrolls of identify
 j - a scroll of enchant armour
 q - a scroll of magic mapping {unknown}
 x - a scroll of immolation {unknown}
Potions
 b - 2 potions of magic
 c - a potion of heal wounds
 e - a potion of cancellation {unknown}
 k - 3 potions of degeneration {unknown}
 l - 4 potions of might {unknown}
 m - 2 potions of berserk rage {unknown}
 n - 2 potions of invisibility {unknown}
 o - 4 potions of curing {unknown}
 p - a potion of attraction {unknown}
 r - 2 potions of lignification {unknown}
 s - a potion of mutation {unknown}
 t - a potion of flight {unknown}
 z - a potion of resistance {unknown}


   Skills:
 + Level 0.1 Fighting
 + Level 1.3 Armour
 + Level 2.5 Dodging
 + Level 2.7 Stealth
 + Level 6.1 Spellcasting
 * Level 9.8 Necromancy


You had 8 spell levels left.
You knew the following spells:

 Your Spells              Type           Power      Damage    Failure   Level
a - Necrotise             Necr           100%       1d9       1%          1
b - Agony                 Necr           66%        N/A       4%          5
c - Animate Dead          Necr           66%        N/A       1%          4

Your spell library contained the following spells:

 Spells                   Type           Power      Damage    Failure   Level
 Vampiric Draining        Necr           66%        2d10      1%          3
 Scorch                   Fire           20%        2d6       14%         2
 Flame Wave               Conj/Fire      10%        2d5       65%         4
 Summon Cactus Giant      Summ           5%         N/A       100%        6


Dungeon Overview and Level Annotations

Branches:
Dungeon (6/15)             Temple (1/1) D:5

Altars:
Ashenzari
Hepliaklqana
Kikubaaqudgha
Nemelex Xobeh
Qazlal
Yredelemnul
The Shining One

Shops:
D:2 *


Message History

You are too injured to fight recklessly!
Casting: Necrotise (safe; 1% risk of failure)
Confirm with . or Enter, or press ? or * to list all spells.
Aiming: Necrotise (safe; 1% risk of failure)
Press: ? - help, Shift-Dir - straight line, f/p - black bear
Aim: a black bear (severely wounded, chance to affect: 83%)
You feel a surge of power!
The black bear writhes in agony.
The black bear bites you.
* * * LOW HITPOINT WARNING * * *
The black bear barely misses you. The black bear completely misses you.
Unknown command.
Casting: Necrotise (safe; 1% risk of failure)
Confirm with . or Enter, or press ? or * to list all spells.
Aiming: Necrotise (safe; 1% risk of failure)
Press: ? - help, Shift-Dir - straight line, f/p - black bear
Aim: a black bear (severely wounded, chance to affect: 83%)
You feel a surge of power!
The black bear writhes in agony.
The black bear goes berserk!
Casting: Necrotise (safe; 1% risk of failure)
Confirm with . or Enter, or press ? or * to list all spells.
Aiming: Necrotise (safe; 1% risk of failure)
Press: ? - help, Shift-Dir - straight line, f/p - black bear
Aim: a black bear (almost dead, berserk, chance to affect: 83%)
You feel a surge of power!
The black bear writhes in agony.
The black bear misses you. The black bear barely misses you.
The black bear claws you.
* * * LOW HITPOINT WARNING * * *
The black bear barely misses you. The black bear claws you.
* * * LOW HITPOINT WARNING * * *
The black bear completely misses you.
Unknown command.
Casting: Necrotise (safe; 1% risk of failure)
Confirm with . or Enter, or press ? or * to list all spells.
Aiming: Necrotise (safe; 1% risk of failure)
Press: ? - help, Shift-Dir - straight line, f/p - black bear
Aim: a black bear (almost dead, berserk, chance to affect: 83%)
You feel a surge of power!
The black bear writhes in agony.
The black bear bites you!
You die...
Your body rises from the dead as a mindless zombie.

. #........#
. ####.#.###
####.#.#
#......#
#.###..#
#..#
###..####
#.......#
#..(..@.#
#.....h.#
+........#
#........#
.....##..###
...... ...#
##.#..#....
#......#...
##....##..#.


You could see a black bear (berserk).

Vanquished Creatures
  Sigmund (D:3)
  2 scorpions
  A howler monkey (D:4)
  2 hounds (D:5)
  Jessica (D:3)
  Natasha (thrice) (D:3)
  3 iguanas (D:5)
  2 orc wizards (D:5)
  9 adders
  A river rat (D:5)
  2 ufetubi
  3 worms
  2 dart slugs
  11 orcs
  3 endoplasms
  4 giant cockroaches
  6 goblins
  5 hobgoblins
  6 jackals
  4 quokkas
  7 ball pythons
  2 bats (D:1)
  11 kobolds
  3 rats
94 creatures vanquished.

Vanquished Creatures (collateral kills)
  A worm (D:3)
  A rat (D:1)
2 creatures vanquished.

Grand Total: 96 creatures vanquished

Notes
Turn   | Place    | Note
-------+----------+-------------------------------------------
     0 | D:1      | sotis the Deep Elf Necromancer began the quest for the Orb.
     0 | D:1      | Reached XP level 1. HP: 10/10 MP: 6/6
   113 | D:1      | Reached skill level 5 in Necromancy
   239 | D:1      | Found a faded altar of an unknown god.
   281 | D:1      | Prayed at the altar of an unknown god.
   281 | D:1      | Became a worshipper of the Shining One
   281 | D:1      | Reached * piety under the Shining One
   293 | D:1      | Fell from the grace of the Shining One
   463 | D:1      | Reached XP level 2. HP: 15/15 MP: 6/8
  1053 | D:2      | Reached XP level 3. HP: 19/19 MP: 4/9
  2085 | D:2      | Found Teongo's General Store.
  2088 | D:2      | Reached skill level 6 in Necromancy
  2495 | D:3      | Noticed Jessica
  2502 | D:3      | Killed Jessica
  2503 | D:3      | Reached XP level 4. HP: 24/24 MP: 5/11
  2674 | D:3      | Noticed Natasha
  2679 | D:3      | Killed Natasha
  2680 | D:3      | Reached skill level 1 in Armour
  2788 | D:3      | Noticed Natasha
  2794 | D:3      | Killed Natasha
  2795 | D:3      | Reached skill level 7 in Necromancy
  2795 | D:3      | Reached XP level 5. HP: 28/28 MP: 7/13
  2932 | D:3      | Noticed Natasha
  2943 | D:3      | Killed Natasha
  3199 | D:3      | Noticed Sigmund
  3209 | D:3      | Killed Sigmund
  3210 | D:3      | Reached skill level 5 in Spellcasting
  3210 | D:3      | Reached XP level 6. HP: 21/32 MP: 6/15
  3671 | D:3      | Identified a scroll of acquirement
  3671 | D:3      | Acquired the amulet of Faij {RegenMP +Blink Will+ Stlth+}
  4019 | D:4      | Reached skill level 8 in Necromancy
  4957 | D:5      | Entered Level 5 of the Dungeon
  5150 | D:5      | Reached XP level 7. HP: 36/36 MP: 13/17
  5156 | D:5      | Found a glowing drain.
  5345 | D:5      | Learned a level 5 spell: Agony
  5358 | D:5      | Reached skill level 9 in Necromancy
  5364 | D:5      | Learned a level 4 spell: Animate Dead
  5704 | D:5      | Found a staircase to the Ecumenical Temple.
  5849 | Temple   | Entered the Ecumenical Temple
  5935 | Temple   | Became a worshipper of Yredelemnul the Dark
  6133 | D:5      | Found a broken altar of Ashenzari.
  6180 | D:6      | Found an ancient bone altar of Kikubaaqudgha.
  6180 | D:6      | Noticed a steam dragon
  6263 | D:6      | Slain by a black bear

Illustrated notes

Levels and vault maps discovered:
D:1:      dpeg_arrival_stone_temple_mockup, layout_basic,
          ebering_ecumenical_altar_hall, chequers_serial_rivers_micro_a
D:2:      layout_rooms, serial_shops, shop
D:3:      layout_basic, minmay_misc_feat_tower, kennysheep_boxes, uniq_sigmund,
          uniq_jessica, uniq_natasha
D:4:      layout_layer_cave
D:5:      layout_basic, mainiacjoe_overflow_alcove_1, temple_fountains,
          gup_sewer_entry_bowl, minmay_between
D:6:      layout_rooms, kennysheep_mini, nicolae_kikubaaqudgha_miasma_corner
Temple:   regret_index_temple_generic_petals

Skill      XL: |  1  2  3  4  5  6  7 |
---------------+----------------------+-----
Necromancy     | 5 6 7 8 9 |  9.8
Spellcasting   | 4 5 6 |  6.1
Armour         | 1 |  1.3
Fighting       | |  0.1
Dodging        | |  2.5
Stealth        | |  2.7

Action                   |  1- 3 |  4- 6 |  7- 9 || total
-------------------------+-------+-------+-------++-------
Melee: Unarmed           |     7 |       |       ||     7
       Trident           |       |       |    13 ||    13
 Cast: Necrotise         |    69 |    94 |    65 ||   228
Invok: Renounce Religion |     1 |       |       ||     1
       Recall Undead Har |       |       |     1 ||     1
  Use: Scroll            |       |     7 |       ||     7
Armor: Robe              |     1 |     1 |    17 ||    19
       Leather armour    |     8 |     2 |       ||    10
Dodge: Dodged            |    17 |    12 |    43 ||    72

Table legend: (Time is in decaauts)
 A = Elapsed time spent in this place.
 B = Non-inter-level travel time spent in this place.
 C = Inter-level travel time spent in this place.
 D = Time resting spent in this place.
 E = Time spent auto-exploring this place.
 F = Levels seen in this place.
 G = Mean time per level.
                   A        B        C        D        E       F      G
               +--------+--------+--------+--------+--------+-----+--------+
         Total |   6272 |   6197 |     75 |    884 |   4171 |   7 |  896.0 |
       Dungeon |   6152 |   6077 |     75 |    884 |   4153 |   6 | 1025.3 |
        Temple |    120 |    120 |      0 |      0 |     18 |   1 |  120.0 |
               +--------+--------+--------+--------+--------+-----+--------+

Top non-repeatable levels by time:
     D:3: 1484 daAuts
     D:2: 1265 daAuts
     D:4: 1222 daAuts
     D:5: 1101 daAuts
     D:1: 983 daAuts
  Temple: 120 daAuts
     D:6: 93 daAuts
